cohdb
Replays
Latest Replays
All Replays
Popular Replays
Top Player Replays
Match Explorer
How It Works
Community
CoH3 Stats
Reddit
Sign in to upload your games and track your stats! →
Sign in with Steam
Match 45095991
Unlisted
Match 45095991
Overview
Messages
Build Orders
End
Construct Infanterie Kompanie
Kettenkrad Recon Vehicle
MG 42 Machine Gun Team
MG 42 Machine Gun Team
Selects Terror Battlegroup
Selects Machine Gun Camouflage
Grenadier Squad
Construct Panzergrenadier Kompanie
Panzergrenadier Squad
Medical Station
Infanterie Officer Quarters
Pak 40 Anti-tank Gun Team
Panzergrenadier Officer Quarters
Panzergrenadier Squad
Selects Defend the Fatherland
Support Elements
Construct Panzer Kompanie
Sturmpanzer IV Brummbär
Pioneer Squad
Selects King Tiger Heavy Tank
King Tiger Heavy Tank
Panzer Officer Quarters
Selects Contempt for the Weak
Nebelwerfer 42 Rocket Launcher Team
Selects Propaganda Leaflet Drop
Pioneer Squad
Propaganda Leaflet Drop
homig
kerem
ShadowStorm
Jesus is my man
Lt_Winters
BERKSHIRE10
max
☭MrGamer☭
0
0
Comments
sign in to comment!
No comments posted yet!